 Dungeon Crawl Stone Soup version 0.20-a0-537-g052e6ba (webtiles) character file.

212 Asddderdsw the Insei (level 5, -2/33 HPs)
             Began as an Octopode Transmuter on Jan 27, 2017.
             Killed by divine providence
             ... invoked by an orc priest
              (16 damage)
             ... on level 4 of the Dungeon.
             The game lasted 00:20:05 (2969 turns).

Asddderdsw the Insei (Octopode Transmuter)          Turns: 2969, Time: 00:20:05

Health: -2/33      AC:  8    Str: 10    XL:     5   Next: 90%
Magic:  9/9        EV: 14    Int: 16    God:
Gold:   223        SH:  0    Dex: 12    Spells: 0/10 levels left

rFire    . . .     SeeInvis .   h - +2 mace (protect)
rCold    . . .     Gourm    .   (no shield)
rNeg     . . .     Faith    .   (helmet restricted)
rPois    .         Spirit   .   x - amulet of magic regeneration
rElec    .         Reflect  .   o - ring of resist corrosion
rCorr    +         Harm     .   (no ring)
MR       .....                  (no ring)
Stlth    +++.......             (no ring)
Regen    0.2/turn               (no ring)
                                (no ring)
                                (no ring)
                                (no ring)

@: protection aura
A: almost no armour, stealthy swim, amphibious, 8 rings, constrict 8, camouflage
1, gelatinous body 1
a: no special abilities


You were on level 4 of the Dungeon.
You were not hungry.

You visited 1 branch of the dungeon, and saw 5 of its levels.

You collected 223 gold pieces.

Inventory:

Hand Weapons
 h - a +2 mace of protection (weapon)
 s - a +0 dagger of draining
Missiles
 a - 75 arrows
 i - 196 stones (quivered)
Jewellery
 o - a ring of resist corrosion (left tentacle)
 u - a +5 amulet of reflection
 x - an amulet of magic regeneration (around mantle)
Wands
 y - a wand of acid (5/15)
 z - a wand of flame (9/48)
Scrolls
 d - a scroll of fear {unknown}
 f - a scroll of amnesia {unknown}
 g - a scroll of enchant weapon {unknown}
 j - a scroll of identify {unknown}
 k - a scroll of teleportation {unknown}
 m - a scroll of enchant armour {unknown}
 q - a scroll of magic mapping {unknown}
 r - 3 scrolls of noise {unknown}
Potions
 e - a potion of ambrosia
 p - a potion of degeneration {unknown}
 v - a potion of curing {unknown}
 w - a potion of cancellation {unknown}
Books
 b - a book of Changes

   Spells                             Type                      Level
   a - Beastly Appendage              Transmutation                1
   b - Sticks to Snakes               Transmutation                2
   c - Spider Form                    Transmutation/Poison         3
   d - Ice Form                       Ice/Transmutation            4
   e - Blade Hands                    Transmutation                5
Comestibles
 c - 3 bread rations
 l - a meat ration
 n - 2 royal jellies
 t - a fruit


   Skills:
 + Level 1.6 Fighting
 + Level 2.8 Dodging
 + Level 2.3 Stealth
 * Level 4.0 Unarmed Combat
 + Level 3.3 Spellcasting
 + Level 2.7 Transmutations
 + Level 0.5 Poison Magic


You couldn't memorise any spells.
You knew the following spells:

 Your Spells              Type           Power        Failure   Level  Hunger
a - Beastly Appendage     Tmut           ##....       8%          1    None
b - Sticks to Snakes      Tmut           ##......     10%         2    ##.....
c - Spider Form           Tmut/Pois      #.........   34%         3    ###....
d - Ice Form              Ice/Tmut       #.......     91%         4    ####...


Dungeon Overview and Level Annotations

Branches:
Dungeon (5/15)
 Temple: D:4-7

Altars:
Qazlal

Annotations:
D:3 Asddderdsw's ghost, amateur OpTm; Sigmund


Innate Abilities, Weirdness & Mutations

You cannot wear most types of armour.
You are very stealthy in the water. (Stealth+)
You are amphibious.
You can wear up to eight rings at the same time.
You can use your tentacles to constrict eight enemies at once.
Your skin changes colour to match your surroundings (Stealth+).
Your rubbery body absorbs attacks. (AC +1, EV +1)


Message History

The orc wizard hits you with a dagger.
You hear a howl!
You hear an angry hiss.
You closely miss the howler monkey.
The howler monkey is heavily wounded.
You feel less invigorated.
You feel less confused.
The orc wizard casts a spell.
The orc wizard blinks!
The howler monkey hits you. The orc priest barely misses you.
The howler monkey barely misses you. The orc priest barely misses you.
You hit the howler monkey.
Your weapon exudes an aura of protection.
Your grab misses the howler monkey. You squeeze the howler monkey.
The howler monkey is almost dead.
The howler monkey looks more healthy.
The howler monkey hits you.
The orc wizard gestures wildly while chanting.
The orc wizard blinks!
The orc priest invokes the aid of Beogh against you.
Beogh smites you!
You die...

#.###.## .##
#.##.<.##..#
#.#.o...#.#.#
..#####...........#
........#.§...#####
.............##
...########.## ..
#§# #@# #h#


lo. o#.#. ....#.. .. ### .# ... .. ### ## You could see a howler monkey, an orc
priest, an orc wizard, an orc and a leopard gecko.

Vanquished Creatures
  An orc priest (D:3)
  An orc wizard (D:3)
  Ijyb (D:2)
  A gnoll (D:1)
  2 adders (D:2)
  An ooze (D:2)
  2 worms
  2 dart slugs (D:1)
  2 leopard geckos
  3 orcs
  2 giant cockroaches
  17 goblins
  5 hobgoblins
  3 jackals (D:2)
  10 kobolds
  A quokka (D:3)
  11 bats
  8 frilled lizards
  8 rats
81 creatures vanquished.

Notes
Turn   | Place    | Note
-------+----------+-------------------------------------------
     0 | D:1      | Asddderdsw the Octopode Transmuter began the quest for the Orb.
     0 | D:1      | Reached XP level 1. HP: 13/13 MP: 3/3
   201 | D:1      | Reached XP level 2. HP: 12/18 MP: 1/5
   666 | D:1      | Reached XP level 3. HP: 23/23 MP: 4/6
  1049 | D:2      | Learned a level 2 spell: Sticks to Snakes
  1053 | D:2      | Learned a level 3 spell: Spider Form
  1252 | D:2      | Reached skill level 1 in Stealth
  1397 | D:2      | Reached XP level 4. HP: 23/28 MP: 5/7
  1826 | D:2      | Noticed Ijyb
  1840 | D:2      | Killed Ijyb
  1840 | D:2      | Reached XP level 5. HP: 19/33 MP: 7/9
  2109 | D:3      | Reached skill level 4 in Unarmed Combat
  2347 | D:3      | Learned a level 4 spell: Ice Form
  2356 | D:3      | Found a stormy altar of Qazlal.
  2359 | D:3      | Noticed an air elemental
  2359 | D:3      | Noticed a fire elemental
  2359 | D:3      | Noticed a water elemental
  2468 | D:3      | Noticed Sigmund
  2518 | D:3      | Noticed Asddderdsw's ghost (amateur OpTm)
  2773 | D:5      | Entered Level 5 of the Dungeon
  2969 | D:4      | Killed from afar by an orc priest

Vault maps used:
D:1:      erik_arrival_triangle_small, minmay_misc_feat_x
D:2:      kennysheep_goblin_castle, first_bread
D:3:      nicolae_qazlal_style_of_elements, uniq_sigmund
D:4:      lemuel_doored_altar, chequers_temple_overflow_minitemple,
          temple_pool_b, kennysheep_generic_room_5
D:5:      uniq_eustachio

Skill      XL: |  1  2  3  4  5 |
---------------+----------------+-----
Stealth        | 1 2 |  2.3
Spellcasting   | 3 |  3.3
Unarmed Combat | 4 |  4.0
Fighting       | |  1.6
Dodging        | |  2.8
Transmutations | |  2.7
Poison Magic   | |  0.5

Action                   |  1- 3 |  4- 6 || total
-------------------------+-------+-------++-------
Melee: Mace              |    61 |    67 ||   128
       Unarmed           |    11 |    38 ||    49
       Tentacles         |    10 |     7 ||    17
       Constrict         |    14 |    13 ||    27
       Kick              |    15 |     9 ||    24
       Punch             |     1 |     2 ||     3
Throw: Stone             |       |     1 ||     1
 Cast: Beastly Appendage |    20 |    19 ||    39
       Spider Form       |     2 |     5 ||     7
  Use: Potion            |       |     1 ||     1
 Stab: Sleeping          |     5 |     7 ||    12
  Eat: Meat ration       |     1 |       ||     1
       Chunk             |       |     3 ||     3
Armor: Skin              |    21 |     8 ||    29
Dodge: Dodged            |    55 |    87 ||   142
